EL
SAN JOSE GIANTS @ COLUMBIA FIREFLIES
09/11/2049
 
TOP OF THE 1ST
San Jose Giants batting - Pitching for Columbia Fireflies : RHP Bryan Dorne
Pitching: RHP Bryan Dorne
Batting: RHB Guillermo Mojica 0-0: Ball
1-0: Foul Ball, location: 2F
1-1: Called Strike
1-2: Foul Ball, location: 2F
1-2: Ball
2-2: Strikes out swinging
Batting: RHB Billy Pranger 0-0: Ball
1-0: Ball
2-0: Called Strike
2-1: Foul Ball, location: 2F
2-2: Fly out, F8 (Flyball, 8RXD, EV 91.2 MPH)
Batting: LHB Mike Roberts 0-0: Ball
1-0: Ball
2-0: Ball
3-0: Called Strike
3-1: Base on Balls
Batting: LHB Ryan Braden 0-0: Ball
1-0: Ball
2-0: Fly out, F4 (Line Drive, 4, EV 72.5 MPH)
Top of the 1st over - 0 runs, 0 hits, 0 errors, 1 left on base; San Jose 0 - Columbia 0
BOTTOM OF THE 1ST
Columbia Fireflies batting - Pitching for San Jose Giants : LHP Drew Roemer
Pitching: LHP Drew Roemer
Batting: SHB Detlef Oursler 0-0: Ball
1-0: Ball
2-0: Foul Ball, location: 2F
2-1: Ball
3-1: Foul Ball, location: 2F
3-2: Ground out 6-3 (Groundball, 6M, EV 103.8 MPH)
Batting: RHB Oscar Bravo 0-0: Ball
1-0: Ball
2-0: Fly out, F5 (Flyball, 56D, EV 83.8 MPH)
Batting: RHB Masaya Nakamura 0-0: Fly out, F8 (Line Drive, 8LM, EV 86.9 MPH)
Bottom of the 1st over - 0 runs, 0 hits, 0 errors, 0 left on base; San Jose 0 - Columbia 0
TOP OF THE 2ND
San Jose Giants batting - Pitching for Columbia Fireflies : RHP Bryan Dorne
Batting: SHB Mitchell Greene 0-0: Called Strike
0-1: Ground out 4-3 (Groundball, 4, EV 87.5 MPH)
Batting: RHB Azedine Kirui 0-0: Ball
1-0: Ball
2-0: Called Strike
2-1: Foul Ball, location: 2F
2-2: Ball
3-2: Base on Balls
Batting: RHB Laroya Foronda 0-0: Ball
1-0: Ball
2-0: Fielders Choice at 2nd, 6-4 (Groundball, 6, EV 80.6 MPH)
Batting: SHB Zack Barton 0-0: Foul Ball, location: 2F
0-1: Ball
1-1: Ball
2-1: Called Strike
Laroya Foronda steals 2nd base
2-2: Foul Ball, location: 2F
2-2: Ground out U3 (Groundball, 3S, EV 75.6 MPH)
Top of the 2nd over - 0 runs, 0 hits, 0 errors, 1 left on base; San Jose 0 - Columbia 0
BOTTOM OF THE 2ND
Columbia Fireflies batting - Pitching for San Jose Giants : LHP Drew Roemer
Batting: LHB Bayesa Mundhir 0-0: Called Strike
0-1: Ground out 4-3 (Groundball, 4, EV 97.5 MPH)
Batting: RHB Larry Shoop 0-0: Ball
1-0: Ball
2-0: Swinging Strike
2-1: Fly out, F7 (Flyball, 78M, EV 89.4 MPH)
Batting: LHB Tony Leyba 0-0: SINGLE (Groundball, 34D, EV 105.6 MPH)
Batting: SHB Jerry Burrows 0-0: Ball
1-0: Ball
2-0: SINGLE (Groundball, 56D, EV 95.6 MPH)
Tony Leyba to second
Batting: RHB Reginald McDougall 0-0: Ball
1-0: Called Strike
1-1: Ball
2-1: Ball
3-1: Base on Balls
Tony Leyba to third
Jerry Burrows to second
Batting: RHB David Reyna 0-0: Ball
1-0: Foul Ball, location: 2F
1-1: Ball
2-1: Ball
3-1: Base on Balls
Tony Leyba scores
Jerry Burrows to third
Reginald McDougall to second
Batting: SHB Detlef Oursler 0-0: Swinging Strike
0-1: Called Strike
0-2: Fielders Choice at 2nd, 5-4 (Groundball, 5, EV 78.8 MPH)
Bottom of the 2nd over - 1 run, 2 hits, 0 errors, 3 left on base; San Jose 0 - Columbia 1
TOP OF THE 3RD
San Jose Giants batting - Pitching for Columbia Fireflies : RHP Bryan Dorne
Batting: LHB Yeong-hun Joe 0-0: Called Strike
0-1: Ball
1-1: Ball
2-1: Fly out, F8 (Flyball, 8RM, EV 86.2 MPH)
Batting: RHB Guillermo Mojica 0-0: Ball
1-0: Called Strike
1-1: Ball
2-1: Foul Ball, location: 2F
2-2: Ball
3-2: Base on Balls
Batting: RHB Billy Pranger 0-0: Ball
Guillermo Mojica steals 2nd base (no throw)
1-0: DOUBLE (Flyball, 8RXD, EV 100.0 MPH)
Guillermo Mojica scores
Batting: LHB Mike Roberts 0-0: Called Strike
0-1: DOUBLE (Line Drive, 9LM, EV 99.4 MPH)
Billy Pranger scores
Batting: LHB Ryan Braden 0-0: Ball
1-0: Called Strike
1-1: Ball
2-1: Called Strike
2-2: Ball
3-2: Base on Balls
Batting: SHB Mitchell Greene 0-0: Swinging Strike
0-1: Fly out, F8 (Flyball, 8RXD, EV 90.6 MPH)
Runner from 2nd tags up, SAFE at 3rd, no throw by CF
Batting: RHB Azedine Kirui 0-0: Ball
1-0: Ball
2-0: Called Strike
2-1: Fly out, F8 (Line Drive, 8RD, EV 90.6 MPH)
Top of the 3rd over - 2 runs, 2 hits, 0 errors, 2 left on base; San Jose 2 - Columbia 1
BOTTOM OF THE 3RD
Columbia Fireflies batting - Pitching for San Jose Giants : LHP Drew Roemer
Batting: RHB Oscar Bravo 0-0: Ball
1-0: SINGLE (Groundball, 15S, EV 67.5 MPH) (infield hit)
Batting: RHB Masaya Nakamura 0-0: Called Strike
0-1: Ball
1-1: Swinging Strike
1-2: Grounds into double play, 5-4-3 (Groundball, 5S, EV 85.6 MPH)
Batting: LHB Bayesa Mundhir 0-0: Foul Ball, location: 2F
0-1: Called Strike
0-2: Fly out, F8 (Flyball, 8LD, EV 101.9 MPH)
Bottom of the 3rd over - 0 runs, 1 hit, 0 errors, 0 left on base; San Jose 2 - Columbia 1
TOP OF THE 4TH
San Jose Giants batting - Pitching for Columbia Fireflies : RHP Bryan Dorne
Batting: RHB Laroya Foronda 0-0: Ball
1-0: Ground out U3 (Groundball, 23, EV 83.1 MPH)
Batting: SHB Zack Barton 0-0: Ball
1-0: Ball
2-0: Foul Ball, location: 2F
2-1: Ball
3-1: Ground out U3 (Groundball, 3L, EV 101.2 MPH)
Batting: LHB Yeong-hun Joe 0-0: Ground out U3 (Groundball, 3S, EV 85.0 MPH)
Top of the 4th over - 0 runs, 0 hits, 0 errors, 0 left on base; San Jose 2 - Columbia 1
BOTTOM OF THE 4TH
Columbia Fireflies batting - Pitching for San Jose Giants : LHP Drew Roemer
Batting: RHB Larry Shoop 0-0: Ball
1-0: Foul Ball, location: 2F
1-1: Ball
2-1: Ball
3-1: SOLO HOME RUN (Flyball, 9D, EV 106.9 MPH), Distance : 385 ft
Batting: LHB Tony Leyba 0-0: Ball
1-0: Ground out 4-3 (Groundball, 34, EV 107.5 MPH)
Batting: SHB Jerry Burrows 0-0: Called Strike
0-1: Called Strike
0-2: Ball
1-2: DOUBLE (Flyball, 8RXD, EV 115.0 MPH)
Batting: RHB Reginald McDougall 0-0: Called Strike
0-1: Fly out, F4 (Line Drive, 4, EV 66.9 MPH)
Batting: RHB David Reyna 0-0: Ball
1-0: Ground out 4-3 (Groundball, 4, EV 106.9 MPH)
Bottom of the 4th over - 1 run, 2 hits, 0 errors, 1 left on base; San Jose 2 - Columbia 2
TOP OF THE 5TH
San Jose Giants batting - Pitching for Columbia Fireflies : RHP Bryan Dorne
Batting: RHB Guillermo Mojica 0-0: Ball
1-0: Called Strike
1-1: Ball
2-1: Foul Ball, location: 2F
2-2: Strikes out swinging
Batting: RHB Billy Pranger 0-0: Ball
1-0: Ball
2-0: Ground out 5-3 (Groundball, 56, EV 76.9 MPH)
Batting: LHB Mike Roberts 0-0: Ball
1-0: Ball
2-0: Ball
3-0: Base on Balls
Batting: LHB Ryan Braden 0-0: Ball
1-0: Foul Ball, location: 2F
1-1: Called Strike
1-2: Foul Ball, location: 2F
1-2: Ball
2-2: Ball
3-2: Foul Ball, location: 2F
3-2: Foul Ball, location: 2F
3-2: DOUBLE (Line Drive, 8RXD, EV 111.9 MPH)
Mike Roberts to third
Mike Roberts scores
Batting: SHB Mitchell Greene 0-0: Swinging Strike
0-1: Ball
1-1: Ball
2-1: Swinging Strike
2-2: Foul Ball, location: 2F
2-2: Strikes out swinging
Top of the 5th over - 1 run, 1 hit, 0 errors, 1 left on base; San Jose 3 - Columbia 2
BOTTOM OF THE 5TH
Columbia Fireflies batting - Pitching for San Jose Giants : LHP Drew Roemer
Batting: SHB Detlef Oursler 0-0: SINGLE (Groundball, 56S, EV 75.6 MPH) (infield hit)
Batting: RHB Oscar Bravo 0-0: Swinging Strike
0-1: Reached on error, E4 (Groundball, 34, EV 80.6 MPH)
Detlef Oursler to second
Batting: RHB Masaya Nakamura 0-0: Called Strike
Detlef Oursler steals 3rd base
Oscar Bravo to second
0-1: Ground out 6-3 (Groundball, 6, EV 83.1 MPH)
Batting: LHB Bayesa Mundhir 0-0: SINGLE (Groundball, 34D, EV 95.0 MPH)
Detlef Oursler scores
Oscar Bravo to third
Batting: RHB Larry Shoop 0-0: TRIPLE (Flyball, 78XD, EV 111.9 MPH)
Oscar Bravo scores
Bayesa Mundhir scores
Pitching: RHP Julio Arteaga
Batting: LHB Tony Leyba 0-0: Ball
1-0: Ball
2-0: Called Strike
2-1: Foul Ball, location: 2F
2-2: Ball
3-2: Base on Balls
Batting: SHB Jerry Burrows 0-0: Called Strike
0-1: Ball
1-1: Swinging Strike
1-2: Ball
2-2: Strikes out swinging
Batting: RHB Reginald McDougall 0-0: SINGLE (Groundball, 56D, EV 101.9 MPH)
Larry Shoop scores
Tony Leyba to second
Batting: RHB David Reyna 0-0: Foul Ball, location: 2F
0-1: Ball
1-1: Foul Ball, location: 2F
1-2: Ground out 4-3 (Groundball, 13, EV 80.6 MPH)
Bottom of the 5th over - 4 runs, 4 hits, 1 error, 2 left on base; San Jose 3 - Columbia 6
TOP OF THE 6TH
San Jose Giants batting - Pitching for Columbia Fireflies : RHP Bryan Dorne
Batting: RHB Azedine Kirui 0-0: Called Strike
0-1: Ground out 1-3 (Groundball, 34S, EV 71.2 MPH)
Batting: RHB Laroya Foronda 0-0: Ball
1-0: Ball
2-0: Foul Ball, location: 2F
2-1: Ball
3-1: Base on Balls
Pitching: LHP Jimmy Rush
Batting: SHB Zack Barton 0-0: Ball
1-0: SINGLE (Line Drive, 9S, EV 106.2 MPH)
Laroya Foronda to second
Pinch Hitting: RHB John Paredes 0-0: Foul Ball, location: 2F
0-1: Fly out, F9 (Line Drive, 9LS, EV 106.2 MPH)
Batting: RHB Guillermo Mojica 0-0: Ball
1-0: Swinging Strike
1-1: Foul Ball, location: 2F
1-2: 3-RUN HOME RUN (Line Drive, 9D, EV 102.5 MPH), Distance : 393 ft
Batting: RHB Billy Pranger 0-0: Called Strike
0-1: Called Strike
0-2: Strikes out looking
Top of the 6th over - 3 runs, 2 hits, 0 errors, 0 left on base; San Jose 6 - Columbia 6
BOTTOM OF THE 6TH
Columbia Fireflies batting - Pitching for San Jose Giants : RHP Julio Arteaga
Now at SS: Tony Mendez
Batting: SHB Detlef Oursler 0-0: Called Strike
0-1: Foul Ball, location: 2F
0-2: Foul Ball, location: 2F
0-2: Ball
1-2: Ball
2-2: Ball
3-2: Foul Ball, location: 2F
3-2: Foul Ball, location: 2F
3-2: Base on Balls
Batting: RHB Oscar Bravo 0-0: Ball
Detlef Oursler steals 2nd base
1-0: Ball
2-0: Swinging Strike
2-1: Swinging Strike
2-2: Ground out 4-3 (Groundball, 4M, EV 96.9 MPH)
Detlef Oursler to third
Batting: RHB Masaya Nakamura 0-0: Fly out, F8 (Flyball, 8LXD, EV 93.1 MPH)
Runner from 3rd tags up, SCORES, no throw by CF
Batting: LHB Bayesa Mundhir 0-0: Called Strike
0-1: Ball
1-1: Ball
2-1: Ball
3-1: Base on Balls
Batting: RHB Larry Shoop 0-0: Called Strike
0-1: Ball
1-1: Fly out, F8 (Flyball, 89M, EV 88.8 MPH)
Bottom of the 6th over - 1 run, 0 hits, 0 errors, 1 left on base; San Jose 6 - Columbia 7
TOP OF THE 7TH
San Jose Giants batting - Pitching for Columbia Fireflies : LHP Jimmy Rush
Batting: LHB Mike Roberts 0-0: Ball
1-0: Ball
2-0: Ball
3-0: Called Strike
3-1: SINGLE (Groundball, 6MD, EV 110.0 MPH)
Pinch Hitting: RHB Oscar Fausto 0-0: Ball
1-0: Called Strike
1-1: Called Strike
1-2: DOUBLE (Flyball, 78XD, EV 106.2 MPH)
Mike Roberts to third
Runner from 3rd tries for Home, SAFE, no throw by CF
Pitching: RHP Jose Esquibel
Batting: SHB Mitchell Greene 0-0: Ball
1-0: Ball
2-0: Called Strike
2-1: Swinging Strike
2-2: Foul Ball, location: 2F
2-2: Strikes out looking
Batting: RHB Azedine Kirui 0-0: Swinging Strike
0-1: Called Strike
0-2: Ball
1-2: Ball
2-2: Foul Ball, location: 2F
2-2: Ball
3-2: Foul Ball, location: 2F
3-2: Base on Balls
Batting: RHB Laroya Foronda 0-0: Called Strike
0-1: Fly out, F3 (Popup, 23F, EV 82.5 MPH)
Batting: SHB Zack Barton 0-0: Ball
1-0: Foul Ball, location: 2F
1-1: Ball
Balk!
Oscar Fausto to third
Azedine Kirui to second
2-1: Fly out, F9 (Line Drive, 9LM, EV 91.9 MPH)
Top of the 7th over - 1 run, 2 hits, 0 errors, 2 left on base; San Jose 7 - Columbia 7
BOTTOM OF THE 7TH
Columbia Fireflies batting - Pitching for San Jose Giants : RHP Julio Arteaga
Pitching: RHP Steve Ryals
Now in LF: Adam Noyes
Batting: LHB Tony Leyba 0-0: Ball
1-0: Foul Ball, location: 2F
1-1: Ground out U3 (Groundball, 3S, EV 86.2 MPH)
Batting: SHB Jerry Burrows 0-0: Called Strike
0-1: Swinging Strike
0-2: Foul Ball, location: 2F
0-2: Ball
1-2: Strikes out swinging
Batting: RHB Reginald McDougall 0-0: Called Strike
0-1: Ground out 4-3 (Groundball, 4MS, EV 86.9 MPH)
Bottom of the 7th over - 0 runs, 0 hits, 0 errors, 0 left on base; San Jose 7 - Columbia 7
TOP OF THE 8TH
San Jose Giants batting - Pitching for Columbia Fireflies : RHP Jose Esquibel
Batting: RHB Tony Mendez 0-0: Called Strike
0-1: Swinging Strike
0-2: Strikes out looking
Batting: RHB Guillermo Mojica 0-0: Ball
1-0: Called Strike
1-1: Swinging Strike
1-2: Strikes out looking
Batting: RHB Billy Pranger 0-0: Foul Ball, location: 2F
0-1: Ball
1-1: Ground out 5-3 (Groundball, 56, EV 81.2 MPH)
Top of the 8th over - 0 runs, 0 hits, 0 errors, 0 left on base; San Jose 7 - Columbia 7
BOTTOM OF THE 8TH
Columbia Fireflies batting - Pitching for San Jose Giants : RHP Steve Ryals
Batting: RHB David Reyna 0-0: Ball
1-0: SINGLE (Groundball, 6M, EV 109.4 MPH) (infield hit)
Batting: SHB Detlef Oursler 0-0: Bunted foul
0-1: Bunt missed!
0-2: Foul Ball, location: 2F
0-2: Strikes out swinging
Pinch Hitting: LHB Miguel Ramos 0-0: Called Strike
0-1: Foul Ball, location: 2F
0-2: Ball
1-2: Strikes out swinging
Batting: RHB Masaya Nakamura 0-0: Ball
1-0: Swinging Strike
1-1: Ball
2-1: Fly out, F8 (Flyball, 89M, EV 89.4 MPH)
Bottom of the 8th over - 0 runs, 1 hit, 0 errors, 1 left on base; San Jose 7 - Columbia 7
TOP OF THE 9TH
San Jose Giants batting - Pitching for Columbia Fireflies : RHP Jose Esquibel
Pitching: RHP Tyler Lybrand
Now at 3B: Gary Hills
Batting: LHB Mike Roberts 0-0: Ball
1-0: Ball
2-0: Foul Ball, location: 2F
2-1: Called Strike
2-2: SINGLE (Groundball, 6S, EV 65.0 MPH) (infield hit)
Pinch Hitting: LHB Steve Nevis 0-0: Ball
1-0: Called Strike
1-1: Ball
2-1: Foul Ball, location: 2F
2-2: Strikes out swinging
Batting: SHB Mitchell Greene 0-0: Called Strike
0-1: Fielders Choice at 2nd, 3-6 (Groundball, 3, EV 100.6 MPH)
Batting: RHB Azedine Kirui 0-0: Called Strike
0-1: Called Strike
0-2: Strikes out swinging
Top of the 9th over - 0 runs, 1 hit, 0 errors, 1 left on base; San Jose 7 - Columbia 7
BOTTOM OF THE 9TH
Columbia Fireflies batting - Pitching for San Jose Giants : RHP Steve Ryals
Now in LF: Steve Nevis
Batting: LHB Bayesa Mundhir 0-0: Foul Ball, location: 2F
0-1: Ball
1-1: Called Strike
1-2: Ball
2-2: Strikes out swinging
Batting: RHB Larry Shoop 0-0: Called Strike
0-1: Ball
1-1: Ball
2-1: Ground out 4-3 (Groundball, 4, EV 85.6 MPH)
Batting: LHB Tony Leyba 0-0: Ground out 4-3 (Groundball, 34D, EV 101.2 MPH)
Bottom of the 9th over - 0 runs, 0 hits, 0 errors, 0 left on base; San Jose 7 - Columbia 7
TOP OF THE 10TH
San Jose Giants batting - Pitching for Columbia Fireflies : RHP Tyler Lybrand
Batting: RHB Laroya Foronda 0-0: Ball
1-0: Ball
2-0: Ball
3-0: Fly out, F8 (Flyball, 8LD, EV 100.6 MPH)
Batting: SHB Zack Barton 0-0: Called Strike
0-1: Swinging Strike
0-2: Strikes out swinging
Batting: RHB Tony Mendez 0-0: Ball
1-0: Called Strike
1-1: Ball
2-1: Ball
3-1: Base on Balls
Batting: RHB Guillermo Mojica 0-0: Ball
1-0: Ball
2-0: Called Strike
2-1: Foul Ball, location: 2F
2-2: Strikes out swinging
Top of the 10th over - 0 runs, 0 hits, 0 errors, 1 left on base; San Jose 7 - Columbia 7
BOTTOM OF THE 10TH
Columbia Fireflies batting - Pitching for San Jose Giants : RHP Steve Ryals
Pitching: RHP Mike Flynn
Batting: SHB Jerry Burrows 0-0: Ball
1-0: Ball
2-0: Swinging Strike
2-1: Ball
3-1: Foul Ball, location: 2F
3-2: Base on Balls
Batting: RHB Reginald McDougall 0-0: Bunt missed!
Pickoff Play to 1st, Runner tries for 2nd, OUT after rundown.
0-1: Foul Ball, location: 2F
0-2: Ball
1-2: Foul Ball, location: 2F
1-2: Ball
2-2: Strikes out swinging
Pinch Hitting: LHB Dan Bremseth 0-0: Called Strike
0-1: Reached on error, E1 (Groundball, 15S, EV 64.4 MPH)
Batting: SHB Detlef Oursler 0-0: Ball
1-0: SINGLE (Groundball, 6MD, EV 100.0 MPH)
Dan Bremseth to third
Runner from 3rd tries for Home, SAFE, throw by CF to home
Bottom of the 10th over - 1 run, 1 hit, 1 error, 1 left on base; San Jose 7 - Columbia 8
Sunday, July 16th , 2023 - OOTP Baseball 24.6 Build 69